 Dungeon Crawl Stone Soup version 0.32-a0-422-g28b100f618 (webtiles) character file.

Game seed: 2714355051467365407

114 adelrune the Covered (level 4, -1/38 HPs)
             Began as an Armataur Fighter on Feb 21, 2024.
             Killed by nerve-wracking pain
             ... invoked by an orc priest
              (12 damage)
             ... on level 3 of the Dungeon.
             The game lasted 00:03:00 (1650 turns).

adelrune the Covered (Armataur Fighter)             Turns: 1650, Time: 00:03:00

Health: -1/38      AC: 12    Str: 23    XL:     4   Next: 66%
Magic:  4/4        EV:  7    Int:  8    God:
Gold:   96         SH:  4    Dex: 10    Spells: 3/3 levels left

rFire   . . .        a - +0 flail
rCold   . . .        c - +0 buckler
rNeg    . . .        b - +0 scale mail
rPois   .            w - +0 helmet
rElec   .            (no cloak)
rCorr   .            (no gloves)
SInv    .            (no barding)
Will    .....        (no amulet) Stlth
                     m - +4 ring of protection
HPRegen 0.26/turn    (no ring)
MPRegen 1.08/turn

%: roll
@: no status effects
A: large, deformed body, tough skin 3, armoured tail, roll 1
a: Convert to Beogh


You were on level 3 of the Dungeon.
You visited 1 branch of the dungeon, and saw 3 of its levels.

You collected 96 gold pieces.

Inventory:

Hand Weapons
 a - a +0 flail (weapon)
Missiles
 u - 3 curare-tipped darts (quivered)
Armour
 b - a +0 scale mail (worn)
 c - a +0 buckler (worn)
 w - a +0 helmet (worn)
Jewellery
 m - a +4 ring of protection (left hand)
Scrolls
 i - a scroll of silence {unknown}
 j - 2 scrolls of enchant armour {unknown}
 k - a scroll of blinking {unknown}
 l - a scroll of poison {unknown}
 o - a scroll of immolation {unknown}
 q - a scroll of fog {unknown}
 r - a scroll of teleportation {unknown}
 s - a scroll of revelation {unknown}
 t - a scroll of identify {unknown}
 v - a scroll of amnesia {unknown}
Potions
 d - a potion of might
 e - a potion of degeneration {unknown}
 f - 3 potions of curing {unknown}
 g - a potion of lignification {unknown}
 h - 3 potions of mutation {unknown}
 n - a potion of invisibility {unknown}
 p - a potion of magic {unknown}


   Skills:
 + Level 3.2 Fighting
 * Level 3.1 Maces & Flails
 + Level 4.4 Armour
 + Level 3.9 Shields


You had 3 spell levels left.
You didn't know any spells.
Your spell library was empty.

Dungeon Overview and Level Annotations

Branches:
Dungeon (3/15)

Altars:


Innate Abilities, Weirdness & Mutations

Armour fits poorly on your strangely shaped body.
You have extremely tough skin. (AC +3)
You have a long armoured tail.
You regenerate magic when rolling toward enemies. (Rampage MPRegen)


Message History

a +0 dagger; an orc corpse An orc, a rat and a kobold come into view.
The orc shouts!
The rat squeaks loudly.
The orc priest hits you but does no damage.
Things that are here:
a +0 dagger; an orc corpse The orc priest calls down the wrath of Beogh upon you.
Pain shoots through your body!
The orc priest hits you but does no damage.
Things that are here:
a +0 dagger; an orc corpse You hit the orc priest.
Your tail-slap misses the orc priest.
The orc priest is moderately wounded.
The orc priest invokes the aid of Beogh against you.
Beogh smites you!
The orc cheers noisily.
The orc priest miscasts a cantrip.
The orc priest threatens, "Beogh's wrath is as vast as their mercy.
Make your choice!"
The orc priest shouts, "The Pantheon deserves no one's loyalty.
Let us show you the true path!" (press Y on the ability menu to convert to Beogh)
The orc priest invokes the aid of Beogh against you.
Beogh smites you!
* * * LOW HITPOINT WARNING * * *
You hit the orc priest but do no damage.
The orc priest shouts, "Surrender to Beogh and we'll let you live!"
You block the orc priest's attack.
You roll towards the orc priest!
The orc priest shouts, "Surrender to Beogh and we'll let you live!"
You sock the orc priest!
You kill the orc priest!
The orc priest hits you but does no damage.
The orc priest hits you but does no damage.
The orc priest shouts, "The Pantheon deserves no one's loyalty.
Let us show you the true path!"
You sock the orc priest!
The orc priest is almost dead.
The orc priest shouts, "The Pantheon deserves no one's loyalty.
Let us show you the true path!" The orc barely misses you.
The orc priest calls down the wrath of Beogh upon you.
Pain shoots through your body!
You die...

#............#..####+
#............+.......
#######...[..#>......
#.............
####..........
#......#..
#......#.####
#......#....#
#..>.o@#.o..##.
#...##o#.......
#...##or....#
#...##K.......r
#...###...####. #.?.#
#...# #### #####


You could see an orc priest, 2 orcs, a kobold and a rat.

Vanquished Creatures
  An orc priest (D:3)
  4 dart slugs
  A ribbon worm (D:2)
  An orc (D:3)
  8 bats
  5 endoplasms
  2 giant cockroaches
  4 hobgoblins
  6 kobolds
  6 ball pythons
  5 frilled lizards
43 creatures vanquished.

Notes
Turn   | Place    | Note
-------+----------+-------------------------------------------
     0 | D:1      | adelrune the Armataur Fighter began the quest for the Orb.
     0 | D:1      | Reached XP level 1. HP: 18/18 MP: 1/1
    99 | D:1      | Reached XP level 2. HP: 25/25 MP: 2/2
   779 | D:1      | Reached skill level 4 in Armour
   779 | D:1      | Reached XP level 3. HP: 30/30 MP: 3/3
  1224 | D:2      | Found a faded altar of an unknown god.
  1424 | D:3      | Reached XP level 4. HP: 38/38 MP: 4/4
  1548 | D:3      | Identified the +1 leather armour of Paoheg {Harm rCorr}
  1650 | D:3      | Killed from afar by an orc priest

Illustrated notes

Levels and vault maps discovered:
D:1:      zelgadis_glass_arrival_small, layout_basic
D:2:      layout_rooms, hellmonk_ecumenical_altar_run_dry
D:3:      layout_basic, kennysheep_nub, uniq_sigmund

Skill      XL: |  1  2  3  4 |
---------------+-------------+-----
Maces & Flails | 2 3 |  3.1
Armour         | 4 |  4.4
Fighting       | 3 |  3.2
Shields        | |  3.9

Action                     |  1- 3 |  4- 6 || total
---------------------------+-------+-------++-------
  Melee: Flail             |    83 |    24 ||   107
         Tailslap          |     8 |     2 ||    10
 Armour: Scale mail        |    54 |    17 ||    71
  Dodge: Dodged            |    25 |    11 ||    36
  Block: Buckler           |    20 |     3 ||    23

Table legend: (Time is in decaauts)
 A = Elapsed time spent in this place.
 B = Non-inter-level travel time spent in this place.
 C = Inter-level travel time spent in this place.
 D = Time resting spent in this place.
 E = Time spent auto-exploring this place.
 F = Levels seen in this place.
 G = Mean time per level.
                   A        B        C        D        E       F      G
               +--------+--------+--------+--------+--------+-----+--------+
         Total |   1681 |   1645 |     36 |     12 |   1262 |   3 |  560.3 |
       Dungeon |   1681 |   1645 |     36 |     12 |   1262 |   3 |  560.3 |
               +--------+--------+--------+--------+--------+-----+--------+

Top non-repeatable levels by time:
     D:1: 945 daAuts
     D:2: 479 daAuts
     D:3: 257 daAuts
